 Dungeon Crawl Stone Soup version 0.25-a0-353-ged6d54792d (webtiles) character file.

Game seed: 9229501685868360526, levelgen mode: deterministic

140 BritishOli the Slasher (level 5, 40/40 HPs)
             Began as a Demonspawn Gladiator on Jan 2, 2020.
             Got out of the dungeon alive.
             The game lasted 00:02:56 (1576 turns).

BritishOli the Slasher (Demonspawn Gladiator)       Turns: 1576, Time: 00:02:57

Health: 40/40      AC:  6    Str: 15    XL:     5   Next: 2%
Magic:  5/5        EV: 13    Int:  9    God:
Gold:   91         SH:  0    Dex: 15    Spells: 4/4 levels left

rFire    . . .     SeeInvis .   a - +0 long sword
rCold    . . .     Gourm    .   (no shield)
rNeg     . . .     Faith    .   b - +0 leather armour
rPois    .         Spirit   .   c - +0 helmet
rElec    .         Reflect  .   (no cloak)
rCorr    .         Harm     .   (no gloves)
MR       .....                  (no boots)
Stlth    +.........             (no amulet)
HPRegen  0.13/turn              (no ring)
MPRegen  0.09/turn              (no ring)

@: no status effects
A: talons 1, slimy green scales 1, demonic guardian 1, rot immunity
a: no special abilities


You escaped.
You were not hungry.

You visited 1 branch of the dungeon, and saw 2 of its levels.

You collected 91 gold pieces.

Inventory:

Hand Weapons
 a - a +0 long sword (weapon)
Missiles
 d - 3 throwing nets (quivered)
Armour
 b - a +0 leather armour (worn)
 c - a +0 helmet (worn)
Scrolls
 e - 4 scrolls of identify {unknown}
 g - a scroll of magic mapping {unknown}
 h - a scroll of immolation {unknown}
 j - 2 scrolls of remove curse {unknown}
 m - 2 scrolls of teleportation {unknown}
 n - a scroll of enchant weapon {unknown}
Potions
 i - a potion of ambrosia {unknown}
 k - a potion of heal wounds {unknown}
 l - a potion of degeneration {unknown}
 o - a potion of curing {unknown}
Comestibles
 f - 5 rations


   Skills:
 + Level 2.9 Fighting
 * Level 3.8 Long Blades
 - Level 2.1 Throwing
 + Level 1.3 Armour
 + Level 3.3 Dodging


You had 4 spell levels left.
You didn't know any spells.
Your spell library was empty.

Dungeon Overview and Level Annotations

Branches:
Dungeon (2/15)

Altars:
Qazlal
Ru


Innate Abilities, Weirdness & Mutations

You have sharp toenails.
You are partially covered in slimy green scales. (AC +2)
A weak demonic guardian rushes to your aid.
You are immune to rotting.


Message History

The jackal bites you but does no damage.
The jackal barely misses you.
You riposte.
You closely miss the jackal. Your kick misses the jackal.
Things that are here:
a jackal corpse x2
The jackal bites you but does no damage.
You hit the jackal. You claw the jackal.
You kill the jackal!
(D) Dungeon
Where to? (Enter - D:2, ? - help)
There is a stormy altar of Qazlal here.
There is a stone staircase leading up here.
You climb upwards.
There is a stone staircase leading down here.
(D) Dungeon
Where to? (Enter - D:1, ? - help)
Okay, then.
There is a staircase leading out of the dungeon here.
Are you sure you want to leave the Dungeon?
This will make you lose the game!
You have escaped!

# #......#.#.#.#.#.#.#.#...#####
# #######...............##.## # #
#..........#......##.# # #
##.......#.......##.## # #
###......#....#.....### # #
#.##...#...........## # #
#.#..#...#.#.#.#....### # #
#.##...............##.######
######.#...#..#.@.#..#...#.......
.......##.).............##.###...
######.#....#.#.#.#...#..#.#.....
#.##...........#...##.......
#.#.....#....#......###.....
#.##.......#.......## #.#...
#.#......#..........# #.....
#.##...............####.#...
#...#.#.#.#.#.#.#.#...#..#.#


There were no monsters in sight!

Vanquished Creatures
  A centaur skeleton (D:2)
  5 gnolls
  3 adders (D:2)
  2 worms (D:2)
  A dart slug (D:2)
  2 bats
  2 goblins (D:2)
  2 hobgoblins (D:1)
  4 jackals (D:2)
  5 kobolds (D:2)
  A ball python (D:2)
  2 frilled lizards (D:1)
  6 rats
36 creatures vanquished.

Notes
Turn   | Place    | Note
-------+----------+-------------------------------------------
     0 | D:1      | BritishOli the Demonspawn Gladiator began the quest for the
                  | Orb.
     0 | D:1      | Reached XP level 1. HP: 16/16 MP: 1/1
   566 | D:1      | Gained mutation: You have sharp toenails. [demonic
                  | ancestry]
   566 | D:1      | Reached XP level 2. HP: 6/22 MP: 2/2
   773 | D:2      | Found a stormy altar of Qazlal.
   874 | D:2      | Gained mutation: You are partially covered in slimy green
                  | scales. (AC +2) [demonic ancestry]
   874 | D:2      | Reached XP level 3. HP: 25/28 MP: 3/3
   893 | D:2      | Found a sacrificial altar of Ru.
  1146 | D:2      | Gained mutation: You are immune to rotting. [demonic
                  | ancestry]
  1146 | D:2      | Reached XP level 4. HP: 27/34 MP: 4/4
  1159 | D:2      | Reached skill level 1 in Armour
  1511 | D:2      | Gained mutation: A weak demonic guardian rushes to your
                  | aid. [demonic ancestry]
  1511 | D:2      | Reached XP level 5. HP: 40/40 MP: 5/5
  1576 | D:$      | Got out of the dungeon alive.

Levels and vault maps discovered:
D:1:      co_arrival_square_in_a_square_in_a_square, layout_loops_cross,
          hangedman_decor_diamond_cutter
D:2:      layout_basic, grunt_qazlal_clouds, lemuel_crystal_altar,
          nemelex_xobeh_ov_fountains_minmay, uniq_sigmund

Skill      XL: |  1  2  3  4 |
---------------+-------------+-----
Throwing       | 2 |  2.1
Long Blades    | 3 |  3.8
Dodging        | 3 |  3.3
Armour         | 1 |  1.3
Fighting       | |  2.9

Action                   |  1- 3 |  4- 6 || total
-------------------------+-------+-------++-------
Melee: Long sword        |    67 |    36 ||   103
       Kick              |    11 |    11 ||    22
  Eat: Chunk             |       |     2 ||     2
Armor: Leather armour    |    21 |    11 ||    32
Dodge: Dodged            |    44 |    30 ||    74
       Rpst.: Long sword |    15 |     5 ||    20

Table legend:
 A = Non-vault XP
 B = Vault XP
 C = Vault XP percentage of total XP
 D = Non-vault monster count
 E = Vault monster count
 F = Vault count percentage of total count
                 A         B        C        D         E       F
            +---------+---------+-------+---------+---------+-------
      Total |     200 |       0 |   0.0 |      36 |       0 |   0.0
            +---------+---------+-------+---------+---------+-------
        D:1 |      26 |       0 |   0.0 |      10 |       0 |   0.0
        D:2 |     174 |       0 |   0.0 |      26 |       0 |   0.0
            +---------+---------+-------+---------+---------+-------
